 Dungeon Crawl Stone Soup version 0.29.1-15-g9cfb28693d (webtiles) character file.

Game seed: 6370849689206897442

116 Heoruswealwe the Magician (level 4, -5/24 HPs)
             Began as a Deep Elf Earth Elementalist on Mar 25, 2023.
             Slain by a thrashing horror (14 damage)
             ... created by the touch of Lugonu
             ... on level 1 of the Dungeon.
             The game lasted 00:12:54 (1160 turns).

Heoruswealwe the Magician (DEEE)                    Turns: 1160, Time: 00:12:55

Health: -5/24      AC:  2    Str:  5    XL:     4   Next: 70%
Magic:  6/12       EV: 12    Int: 22    God:
Gold:   165        SH:  0    Dex: 15    Spells: 6/12 levels left

rFire   . . .      SeeInvis .   (no weapon)
rCold   + . .      Faith    .   (no shield)
rNeg    . . .      Spirit   .   f - +0 robe {Archmagi}
rPois   .          Reflect  .   (no helmet)
rElec   .          Harm     .   (no cloak)
rCorr   .          Rampage  .   (no gloves)
Will    .....      Archmagi +   (no boots)
Stlth   ++........              k - amulet of regeneration
HPRegen 0.88/turn               l - ring of protection from cold
MPRegen 0.13/turn               (no ring)

@: no status effects
A: no striking features
a: no special abilities


You were on level 1 of the Dungeon.
You visited 1 branch of the dungeon, and saw 1 of its levels.
You visited the Abyss 1 time.

You collected 165 gold pieces.

Inventory:

Armour
 f - a +0 robe of the Archmagi (worn)
Jewellery
 k - an amulet of regeneration (around neck)
 l - a ring of protection from cold (left hand)
Scrolls
 c - a scroll of blinking {unknown}
 d - 3 scrolls of enchant armour {unknown}
 g - a scroll of poison {unknown}
 h - a scroll of teleportation {unknown}
 i - a scroll of identify {unknown}
 o - a scroll of immolation {unknown}
Potions
 b - 2 potions of magic
 e - a potion of ambrosia {unknown}
 j - a potion of flight {unknown}
 m - a potion of lignification {unknown}
 n - a potion of attraction {unknown}


   Skills:
 - Level 2.4 Dodging
 - Level 2.4 Stealth
 * Level 4.8 Spellcasting
 + Level 2.4 Transmutations
 * Level 4.5 Earth Magic


You had 6 spell levels left.
You knew the following spells:

 Your Spells              Type           Power      Damage    Failure   Level
a - Sandblast             Erth           76%        2d16      1%          1
b - Stone Arrow           Conj/Erth      46%        3d9       12%         3
z - Passwall              Tmut/Erth      25%        N/A       3%          2

Your spell library contained the following spells:

 Spells                   Type           Power      Damage    Failure   Level
 Petrify                  Tmut/Erth      31%        N/A       24%         4


Dungeon Overview and Level Annotations

Branches:
Dungeon (1/15)

Altars:
Lugonu

Shops:
D:1 (


Message History

You are cast into the Abyss!
To return, you must find a gate leading back.
Killing monsters will force the Abyss to allow you passage.
This branch contains the abyssal rune of Zot.
You feel a surge of power!
The blast of sand hits the small abomination!
The small abomination is moderately damaged.
You feel a surge of power!
The blast of sand hits the small abomination!
The small abomination is severely damaged.
You feel a surge of power!
The blast of sand hits the small abomination!
You destroy the small abomination!
You have reached level 4!
You feel clever.
The substance of the Abyss twists violently, and a gateway leading out appears!
There is a gateway leading out of the Abyss here.
You pass through the gate.
Welcome back to the Dungeon!
The thrashing horror roars!
You feel a surge of power!
The blast of sand misses the ancient zyme.
The thrashing horror tramples you.
You hold your ground!
The thrashing horror tramples you.
You hold your ground!
The thrashing horror tramples you.
You hold your ground!
The thrashing horror barely misses you. The ancient zyme hits you!
The ancient zyme hits you but does no damage.
You feel yourself growing ill in the presence of the ancient zyme.
You are too injured to fight recklessly!
Casting: Sandblast (safe; 1% risk of failure)
Confirm with . or Enter, or press ? or * to list all spells.
Aiming: Sandblast (safe; 1% risk of failure)
Press: ? - help, Shift-Dir - straight line, f/p - ancient zyme
Aim: an ancient zyme (durably summoned, 92% to hit)
You feel a surge of power!
The blast of sand hits the ancient zyme!
The ancient zyme is moderately damaged.
The thrashing horror tramples you!
Ouch! That really hurt!
You die...

# ##.....## #.#### #.##.###.#
##...## #.# #........# ##'##
#.##### ####.##### #####.###
#.....# #...# #.......########.#
##.#.### #.###.......# #.#
###......# #.##....###.# #.#
###......♣.# #.#.....###.####X#
##.♣..♣.....♣
##.#...........x@.###.♣..♣♣♣♣♣♣.#
).....[..###.#######.♣.♣.♣...♣♣..
##.#.#.[.###.# #.♣♣♣♣.♣♣♣.♣♣.
#.###.......# ##.♣ ♣.♣♣.♣.♣♣
#.......##### #..♣♣♣♣♣.♣♣♣♣
#####.### ##.♣.♣♣.♣.♣.♣# #.#
#...♣♣♣♣_.♣.. #.# #..♣♣.♣♣♣♣♣♣#
####.### #..♣.♣.♣♣♣♣♣.


You could see an ancient zyme and a thrashing horror.

Vanquished Creatures
  A small abomination (Abyss:1)
  A gnoll (D:1)
  A bat (D:1)
  2 endoplasms (D:1)
  2 giant cockroaches (D:1)
  4 hobgoblins (D:1)
  A jackal (D:1)
  6 kobolds (D:1)
  3 quokkas (D:1)
  4 ball pythons (D:1)
  7 goblins (D:1)
  5 rats (D:1)
37 creatures vanquished.

Notes
Turn   | Place    | Note
-------+----------+-------------------------------------------
     0 | D:1      | Heoruswealwe the Deep Elf Earth Elementalist began the
                  | quest for the Orb.
     0 | D:1      | Reached XP level 1. HP: 10/10 MP: 6/6
   158 | D:1      | Reached XP level 2. HP: 14/15 MP: 0/8
   161 | D:1      | Learned a level 2 spell: Passwall
   179 | D:1      | Found Weecufi's Antique Weapon Boutique.
   458 | D:1      | Found a faded altar of an unknown god.
   461 | D:1      | Prayed at the altar of an unknown god.
   461 | D:1      | Became a worshipper of Lugonu the Unformed
   461 | D:1      | Reached * piety under Lugonu
   461 | D:1      | Reached ** piety under Lugonu
   732 | D:1      | Fell from the grace of Lugonu
   831 | D:1      | Reached XP level 3. HP: 16/19 MP: 5/10
   880 | D:1      | Learned a level 3 spell: Stone Arrow
  1086 | D:1      | Noticed an ancient zyme
  1086 | D:1      | Noticed a thrashing horror
  1086 | Abyss:1  | Cast into level 1 of the Abyss (Lugonu's touch)
  1152 | Abyss:1  | Noticed a small abomination
  1155 | Abyss:1  | Killed a small abomination
  1156 | Abyss:1  | Reached XP level 4. HP: 24/24 MP: 7/12
  1158 | D:1      | Escaped the Abyss
  1160 | D:1      | Slain by a thrashing horror

Illustrated notes

Levels and vault maps discovered:
D:1:      wander_arrival_abandoned_jail, layout_loops_corners, serial_shops,
          nicolae_shop_crystal, chequers_ecumenical_altar_grove, nrook_uturn,
          minmay_hexomino_c4

Skill      XL: |  1  2  3 |
---------------+----------+-----
Spellcasting   | 4 |  4.8
Transmutations | 2 |  2.4
Earth Magic    | 4 |  4.5
Dodging        | |  2.4
Stealth        | |  2.4

Action                   |  1- 3 |  4- 6 || total
-------------------------+-------+-------++-------
Melee: Unarmed           |     1 |       ||     1
 Cast: Sandblast         |    52 |     2 ||    54
Invok: Renounce Religion |     1 |       ||     1
Armor: Robe              |    10 |     1 ||    11
Dodge: Dodged            |    20 |     1 ||    21
